 Dungeon Crawl Stone Soup version 0.22.0-38-g04b72b8 (webtiles) character file.

289 Marcoleric the Covert (level 6, 0/30 HPs)
             Began as a Spriggan Assassin on Aug 30, 2018.
             Slain by a hound (1 damage)
             ... on level 5 of the Dungeon.
             The game lasted 00:15:34 (3813 turns).

Marcoleric the Covert (Spriggan Assassin)           Turns: 3813, Time: 00:15:35

Health: 0/30       AC:  5    Str:  7    XL:     6   Next: 9%
Magic:  7/7        EV: 19    Int: 12    God:
Gold:   120        SH:  0    Dex: 20    Spells: 5/5 levels left

rFire    . . .     SeeInvis +   l - +0 dagger (speed)
rCold    + . .     Gourm    .   (shield restricted)
rNeg     . . .     Faith    .   c - +0 robe
rPois    .         Spirit   .   (helmet restricted)
rElec    .         Reflect  .   i - +2 cloak
rCorr    .         Harm     .   (gloves unavailable)
MR       +....                  (boots unavailable)
Stlth    ++++......             (no amulet)
HPRegen  0.10/turn              h - ring of see invisible
MPRegen  0.10/turn              o - ring of protection from cold

@: very quick
A: very small, unfitting armour, see invisible, herbivore, speed 3, slow
metabolism 2
a: no special abilities


You were on level 5 of the Dungeon.
You were not hungry.

You visited 1 branch of the dungeon, and saw 5 of its levels.

You collected 120 gold pieces.

Inventory:

Hand Weapons
 a - a +2 dagger
 b - a +0 blowgun
 l - a +0 dagger of speed (weapon)
Missiles
 e - 23 poisoned needles
 f - 2 curare-tipped needles
Armour
 c - a +0 robe (worn)
 d - a +0 cloak
 i - a +2 cloak (worn)
Jewellery
 h - a ring of see invisible (left hand)
 n - a -3 ring of strength
 o - a ring of protection from cold (right hand)
Scrolls
 j - 6 scrolls of identify
Potions
 m - a potion of flight
Comestibles
 g - 3 rations


   Skills:
 + Level 2.2 Fighting
 + Level 3.5 Short Blades
 + Level 3.3 Throwing
 + Level 3.3 Dodging
 * Level 8.3 Stealth


You had 5 spell levels left.
You didn't know any spells.
Your spell library was empty.

Dungeon Overview and Level Annotations

Branches:
Dungeon (5/15)             Temple (0/1) D:4

Altars:
Okawaru
Trog


Innate Abilities, Weirdness & Mutations

You are very small and have problems with some larger weapons.
You are too small for most types of armour.
You have supernaturally acute eyesight. (SInv)
You are a herbivore.
You cover ground extremely quickly.
You need to consume almost no food.


Message History

The hound closely misses you.
The centaur shoots an arrow.
The arrow misses you.
You closely miss the hound.
The hound is heavily wounded.
The hound stops to sniff the ground.
The hound misses you.
The centaur shoots an arrow.
The arrow barely misses you.
You miss the hound.
The hound is heavily wounded.
The hound closely misses you.
You closely miss the hound.
The hound is heavily wounded.
You hit the hound but do no damage.
The hound is heavily wounded.
The hound misses you.
The centaur unwields an uncursed shortbow.
The centaur misses you.
You closely miss the hound.
The hound is heavily wounded.
The hound bites you.
You die...

#####c########....
##.########.#.#
#.(...........?
#.(........c...
#..........a...
#..............
#.............
####.........
#@cS..#......
#h########### #.#
#.# #.# #.# #.#
#.#


You could see a centaur, a hound and a ball python.

Vanquished Creatures
  A hippogriff (D:3)
  5 adders
  An adder skeleton (D:3)
  3 dart slugs
  2 leopard geckos (D:3)
  4 orcs (D:3)
  4 bats
  3 giant cockroaches
  5 goblins
  4 hobgoblins
  3 jackals (D:3)
  A ball python (D:1)
  2 frilled lizards (D:1)
  7 kobolds
  5 rats
50 creatures vanquished.

Notes
Turn   | Place    | Note
-------+----------+-------------------------------------------
     0 | D:1      | Marcoleric the Spriggan Assassin began the quest for the Orb.
     0 | D:1      | Reached XP level 1. HP: 10/10 MP: 2/2
    38 | D:1      | Reached skill level 6 in Stealth
   181 | D:1      | Found an iron altar of Okawaru.
   225 | D:1      | Reached XP level 2. HP: 13/14 MP: 3/3
   819 | D:2      | Reached skill level 7 in Stealth
   991 | D:2      | Reached XP level 3. HP: 11/18 MP: 4/4
  1948 | D:3      | Noticed a hippogriff
  1985 | D:3      | Reached XP level 4. HP: 22/22 MP: 5/5
  2134 | D:3      | HP: 1/22 [orc/dagger (2)]
  2576 | D:3      | Killed a hippogriff
  2576 | D:3      | Reached skill level 8 in Stealth
  2576 | D:3      | Reached XP level 5. HP: 26/26 MP: 6/6
  2576 | D:3      | Reached XP level 6. HP: 30/30 MP: 7/7
  3234 | D:4      | Found a staircase to the Ecumenical Temple.
  3263 | D:4      | Found a bloodstained altar of Trog.
  3739 | D:5      | Entered Level 5 of the Dungeon
  3807 | D:5      | HP: 1/30 [hound (2)]
  3813 | D:5      | Slain by a hound

Skill      XL: |  1  2  3  4 |
---------------+-------------+-----
Stealth        | 6 7 8 |  8.3
Dodging        | 2 3 |  3.3
Fighting       | 2 |  2.2
Short Blades   | 3 |  3.5
Throwing       | 3 |  3.3

Action                   |  1- 3 |  4- 6 || total
-------------------------+-------+-------++-------
Melee: Dagger            |   198 |   166 ||   364
 Fire: Blowgun           |     2 |    27 ||    29
  Use: Scroll            |     7 |     2 ||     9
       Potion            |     2 |     2 ||     4
 Stab: Sleeping          |    10 |     2 ||    12
  Eat: Ration            |       |     1 ||     1
Armor: Robe              |    33 |    26 ||    59
Dodge: Dodged            |   167 |   135 ||   302
